AAA E
IOWA CUBS @ CHARLOTTE KNIGHTS
06/17/2030
 
TOP OF THE 1ST
Iowa Cubs batting - Pitching for Charlotte Knights : RHP Kevin Hills
Pitching: RHP Kevin Hills
Batting: LHB Joe Decker 0-0: SINGLE (Line Drive, 3L, EV 98.1 MPH)
Batting: RHB Chris Herzing 0-0: Ball
Joe Decker is caught stealing 2nd base 2-4
1-0: Ball
2-0: Ground out 6-3 (Groundball, 6, EV 102.5 MPH)
Batting: LHB Taed Mason 0-0: Called Strike
0-1: Foul Ball, location: 9LDF
0-2: Fly out, F7 (Flyball, 7LM, EV 88.1 MPH)
Top of the 1st over - 0 runs, 1 hit, 0 errors, 0 left on base; Iowa 0 - Charlotte 0
BOTTOM OF THE 1ST
Charlotte Knights batting - Pitching for Iowa Cubs : RHP Joel Baez
Pitching: RHP Joel Baez
Batting: LHB Luis Vazquez 0-0: Fly out, F7 (Flyball, 7LS, EV 91.3 MPH)
Batting: RHB Billy Sylvester 0-0: Called Strike
0-1: Ball
1-1: Swinging Strike
1-2: Ground out 6-3 (Groundball, 6, EV 86.3 MPH)
Batting: LHB Bobby Leibold 0-0: Ball
1-0: Fly out, F8 (Flyball, 8LD, EV 103.1 MPH)
Bottom of the 1st over - 0 runs, 0 hits, 0 errors, 0 left on base; Iowa 0 - Charlotte 0
TOP OF THE 2ND
Iowa Cubs batting - Pitching for Charlotte Knights : RHP Kevin Hills
Batting: LHB Josh Colburn 0-0: Called Strike
0-1: Called Strike
0-2: Foul Ball, location: 3SF
0-2: Ball
1-2: Foul Ball, location: 7LDF
1-2: Ball
2-2: Ball
3-2: SINGLE (Line Drive, 78M, EV 91.9 MPH)
Batting: LHB Cole Roederer 0-0: Ball
1-0: Called Strike
1-1: Ball
2-1: Foul Ball, location: 7LSF
2-2: Foul Ball, location: 2F
2-2: SINGLE (Groundball, 6D, EV 101.3 MPH)
Josh Colburn to second
Batting: SHB Danny Guevara 0-0: Foul Ball, location: 2F
0-1: SINGLE (Line Drive, 8LS, EV 96.9 MPH)
Josh Colburn to third
Cole Roederer to second
Batting: RHB Graig Huckins 0-0: Called Strike
0-1: Called Strike
0-2: Fly out, F7 (Flyball, 78S, EV 96.3 MPH)
Batting: RHB Steve Gramer 0-0: Called Strike
0-1: Ball
1-1: Grounds into double play, 6-4-3 (Groundball, 6, EV 106.9 MPH)
Top of the 2nd over - 0 runs, 3 hits, 0 errors, 2 left on base; Iowa 0 - Charlotte 0
BOTTOM OF THE 2ND
Charlotte Knights batting - Pitching for Iowa Cubs : RHP Joel Baez
Batting: RHB Jared Crevier 0-0: Foul Ball, location: 2RF
0-1: Ball
1-1: Ball
2-1: Foul Ball, location: 25FF
2-2: Strikes out looking
Batting: SHB Chris McElroy 0-0: Ball
1-0: Ball
2-0: Called Strike
2-1: Ball
3-1: Ground out 6-3 (Groundball, 6M, EV 86.3 MPH)
Batting: RHB Frank Ortiz 0-0: Ball
1-0: Ball
2-0: Called Strike
2-1: Foul Ball, location: 2F
2-2: SINGLE (Groundball, 6MD, EV 103.8 MPH)
Batting: RHB Mike Sandoval 0-0: Ball
1-0: Called Strike
1-1: Foul Ball, location: 2F
1-2: Strikes out looking
Bottom of the 2nd over - 0 runs, 1 hit, 0 errors, 1 left on base; Iowa 0 - Charlotte 0
TOP OF THE 3RD
Iowa Cubs batting - Pitching for Charlotte Knights : RHP Kevin Hills
Batting: RHB Geoff Odom 0-0: Called Strike
0-1: Called Strike
0-2: Strikes out swinging
Batting: LHB Joe Decker 0-0: Ground out 6-3 (Groundball, 6, EV 79.4 MPH)
Batting: RHB Chris Herzing 0-0: Ball
1-0: Ball
2-0: Called Strike
2-1: Foul Ball, location: 9LDF
2-2: Foul Ball, location: 2F
2-2: Strikes out looking
Top of the 3rd over - 0 runs, 0 hits, 0 errors, 0 left on base; Iowa 0 - Charlotte 0
BOTTOM OF THE 3RD
Charlotte Knights batting - Pitching for Iowa Cubs : RHP Joel Baez
Batting: RHB Jeff Winslett 0-0: Ball
1-0: SINGLE (Groundball, 4MD, EV 108.8 MPH)
Batting: LHB Sam Caldwell 0-0: Ball
1-0: Foul Ball, location: 2F
1-1: Ball
2-1: Foul Ball, location: 7LSF
2-2: Ball
3-2: Foul Ball, location: 2F
3-2: DOUBLE (Flyball, 8LXD, EV 97.5 MPH)
Jeff Winslett to third
Batting: LHB Luis Vazquez 0-0: Fly out, F6 (Line Drive, 6, EV 61.9 MPH)
Batting: RHB Billy Sylvester 0-0: Called Strike
0-1: Fly out, F8 (Flyball, 8LD, EV 108.1 MPH)
Runner from 3rd tags up, SCORES, throw by CF
Sam Caldwell to third
Batting: LHB Bobby Leibold 0-0: Ball
1-0: Ball
2-0: Ball
3-0: Called Strike
3-1: Base on Balls
Batting: RHB Jared Crevier 0-0: Ball
1-0: Ball
2-0: Called Strike
2-1: Ball
3-1: Foul Ball, location: 2F
3-2: Strikes out swinging
Bottom of the 3rd over - 1 run, 2 hits, 0 errors, 2 left on base; Iowa 0 - Charlotte 1
TOP OF THE 4TH
Iowa Cubs batting - Pitching for Charlotte Knights : RHP Kevin Hills
Batting: LHB Taed Mason 0-0: Called Strike
0-1: Foul Ball, location: 5FF
0-2: Fly out, F2 (Popup, 2RF, EV 96.9 MPH)
Batting: LHB Josh Colburn 0-0: Called Strike
0-1: Ball
1-1: Ball
2-1: Called Strike
2-2: Ball
3-2: Foul Ball, location: 2F
3-2: Foul Ball, location: 5F
3-2: Foul Ball, location: 7LSF
3-2: DOUBLE (Line Drive, 7LS, EV 90.0 MPH)
Batting: LHB Cole Roederer 0-0: Called Strike
0-1: Ball
1-1: Ball
2-1: Foul Ball, location: 2F
2-2: Ball
3-2: DOUBLE (Line Drive, 7LM, EV 99.4 MPH)
Josh Colburn scores
Batting: SHB Danny Guevara 0-0: Ball
1-0: Ground out 4-3 (Groundball, 34D, EV 98.8 MPH)
Cole Roederer to third
Batting: RHB Graig Huckins 0-0: Swinging Strike
0-1: Ground out 6-3 (Groundball, 6, EV 97.5 MPH)
Top of the 4th over - 1 run, 2 hits, 0 errors, 1 left on base; Iowa 1 - Charlotte 1
BOTTOM OF THE 4TH
Charlotte Knights batting - Pitching for Iowa Cubs : RHP Joel Baez
Batting: SHB Chris McElroy 0-0: Foul Ball, location: 2F
0-1: Ball
1-1: Called Strike
1-2: Ball
2-2: Fly out, F8 (Line Drive, 8LD, EV 90.6 MPH)
Batting: RHB Frank Ortiz 0-0: SINGLE (Groundball, 6MD, EV 105.0 MPH)
Batting: RHB Mike Sandoval 0-0: Ball
1-0: Ball
2-0: Called Strike
2-1: Grounds into double play, 6-4-3 (Groundball, 6, EV 100.6 MPH)
Bottom of the 4th over - 0 runs, 1 hit, 0 errors, 0 left on base; Iowa 1 - Charlotte 1
TOP OF THE 5TH
Iowa Cubs batting - Pitching for Charlotte Knights : RHP Kevin Hills
Batting: RHB Steve Gramer 0-0: Called Strike
0-1: Ball
1-1: Ball
2-1: Ball
3-1: Base on Balls
Batting: RHB Geoff Odom 0-0: Ball
1-0: Ball
2-0: Hit by Pitch
Steve Gramer to second
Batting: LHB Joe Decker 0-0: Ball
1-0: Called Strike
1-1: Foul Ball, location: 3SF
1-2: Foul Ball, location: 23F
1-2: Grounds into double play, 6-4-3 (Groundball, 6M, EV 86.9 MPH)
Steve Gramer to third
Batting: RHB Chris Herzing 0-0: Ball
1-0: Called Strike
1-1: Foul Ball, location: 3FF
1-2: Strikes out swinging
Top of the 5th over - 0 runs, 0 hits, 0 errors, 1 left on base; Iowa 1 - Charlotte 1
BOTTOM OF THE 5TH
Charlotte Knights batting - Pitching for Iowa Cubs : RHP Joel Baez
Batting: RHB Jeff Winslett 0-0: Ball
1-0: Swinging Strike
1-1: Ball
2-1: Foul Ball, location: 2F
2-2: Strikes out swinging
Batting: LHB Sam Caldwell 0-0: Called Strike
0-1: Called Strike
0-2: Ball
1-2: Foul Ball, location: 3F
1-2: Ball
2-2: Ground out 6-3 (Groundball, P, EV 86.3 MPH)
Batting: LHB Luis Vazquez 0-0: Called Strike
0-1: Ground out 4-3 (Groundball, 4S, EV 86.3 MPH)
Bottom of the 5th over - 0 runs, 0 hits, 0 errors, 0 left on base; Iowa 1 - Charlotte 1
TOP OF THE 6TH
Iowa Cubs batting - Pitching for Charlotte Knights : RHP Kevin Hills
Batting: LHB Taed Mason 0-0: Called Strike
0-1: Called Strike
0-2: Strikes out swinging
Batting: LHB Josh Colburn 0-0: Foul Ball, location: 23F
0-1: Foul Ball, location: 3F
0-2: Ball
1-2: Ball
2-2: Foul Ball, location: 9LSF
2-2: SOLO HOME RUN (Flyball, 9D, EV 92.5 MPH), Distance : 359 ft
Batting: LHB Cole Roederer 0-0: Foul Ball, location: 7LDF
0-1: Ball
1-1: Ball
2-1: Ball
3-1: Swinging Strike
3-2: Ground out 4-3 (Groundball, 4, EV 78.1 MPH)
Batting: SHB Danny Guevara 0-0: Ball
1-0: Swinging Strike
1-1: Ball
2-1: Ball
3-1: Base on Balls
Pitching: RHP Jody Putnam
Batting: RHB Graig Huckins 0-0: Ball
1-0: Ball
2-0: Ball
3-0: Base on Balls
Danny Guevara to second
Batting: RHB Steve Gramer 0-0: Called Strike
0-1: Ground out 1-3 (Groundball, 13S, EV 65.0 MPH)
Top of the 6th over - 1 run, 1 hit, 0 errors, 2 left on base; Iowa 2 - Charlotte 1
BOTTOM OF THE 6TH
Charlotte Knights batting - Pitching for Iowa Cubs : RHP Joel Baez
Batting: RHB Billy Sylvester 0-0: Ball
1-0: Ground out 4-3 (Groundball, 34, EV 82.5 MPH)
Batting: LHB Bobby Leibold 0-0: Ball
1-0: Called Strike
1-1: Ball
2-1: Foul Ball, location: 3F
2-2: Ball
3-2: DOUBLE (Flyball, 8LXD, EV 101.9 MPH)
Batting: RHB Jared Crevier 0-0: Ball
1-0: Fly out, F8 (Flyball, 8LS, EV 85.6 MPH)
Batting: SHB Chris McElroy 0-0: Ball
1-0: SINGLE (Groundball, 6MD, EV 98.1 MPH)
Bobby Leibold to third
Runner from 3rd tries for Home, SAFE, throw by CF to home
Batting: RHB Frank Ortiz 0-0: Foul Ball, location: 9LMF
0-1: Ball
1-1: Ball
2-1: Foul Ball, location: 2F
2-2: Foul Ball, location: 9LMF
2-2: Ball
3-2: Base on Balls
Chris McElroy to second
Pitching: RHP Elijah Jeffries
Batting: RHB Mike Sandoval 0-0: Ball
1-0: Fly out, F9 (Flyball, 9, EV 88.1 MPH)
Bottom of the 6th over - 1 run, 2 hits, 0 errors, 2 left on base; Iowa 2 - Charlotte 2
TOP OF THE 7TH
Iowa Cubs batting - Pitching for Charlotte Knights : RHP Jody Putnam
Pinch Hitting: LHB Andy Weber 0-0: Ball
1-0: Fly out, F8 (Flyball, 8RM, EV 91.9 MPH)
Batting: LHB Joe Decker 0-0: Ball
1-0: Swinging Strike
1-1: Ball
2-1: Ball
3-1: Fly out, F7 (Flyball, 7D, EV 75.0 MPH)
Batting: RHB Chris Herzing 0-0: Called Strike
0-1: Ball
1-1: Ball
2-1: Called Strike
2-2: Strikes out looking
Top of the 7th over - 0 runs, 0 hits, 0 errors, 0 left on base; Iowa 2 - Charlotte 2
BOTTOM OF THE 7TH
Charlotte Knights batting - Pitching for Iowa Cubs : RHP Elijah Jeffries
Now at 2B: Andy Weber
Batting: RHB Jeff Winslett 0-0: Ball
1-0: Fly out, F9 (Flyball, 89M, EV 92.5 MPH)
Batting: LHB Sam Caldwell 0-0: Ball
1-0: SINGLE (Line Drive, 7S, EV 101.3 MPH)
Batting: LHB Luis Vazquez 0-0: Called Strike
0-1: Foul Ball, location: 7LSF
0-2: Strikes out swinging
Batting: RHB Billy Sylvester 0-0: Called Strike
0-1: Swinging Strike
0-2: Ball
1-2: Ball
2-2: Ball
3-2: Base on Balls
Sam Caldwell to second
Batting: LHB Bobby Leibold 0-0: Called Strike
0-1: Fly out, F8 (Flyball, 8RD, EV 106.9 MPH)
Bottom of the 7th over - 0 runs, 1 hit, 0 errors, 2 left on base; Iowa 2 - Charlotte 2
TOP OF THE 8TH
Iowa Cubs batting - Pitching for Charlotte Knights : RHP Jody Putnam
Pitching: RHP Juan Tomlin
Batting: LHB Taed Mason 0-0: Swinging Strike
0-1: Ball
1-1: Ball
2-1: Swinging Strike
2-2: Ball
3-2: Ground out 5-3 (Groundball, 56S, EV 83.1 MPH)
Batting: LHB Josh Colburn 0-0: Called Strike
0-1: Ground out 4-3 (Groundball, 4M, EV 83.1 MPH)
Batting: LHB Cole Roederer 0-0: Swinging Strike
0-1: Called Strike
0-2: Ball
1-2: Ball
2-2: Strikes out swinging
Top of the 8th over - 0 runs, 0 hits, 0 errors, 0 left on base; Iowa 2 - Charlotte 2
BOTTOM OF THE 8TH
Charlotte Knights batting - Pitching for Iowa Cubs : RHP Elijah Jeffries
Batting: RHB Jared Crevier 0-0: Called Strike
0-1: Swinging Strike
0-2: Foul Ball, location: 9LSF
0-2: Ball
1-2: Strikes out swinging, 2-3 out at first.
Batting: SHB Chris McElroy 0-0: Ball
1-0: Ball
2-0: Ball
3-0: Called Strike
3-1: Fly out, F9 (Flyball, 9D, EV 90.0 MPH)
Batting: RHB Frank Ortiz 0-0: Ground out 3-1 (Groundball, 34, EV 109.4 MPH)
Bottom of the 8th over - 0 runs, 0 hits, 0 errors, 0 left on base; Iowa 2 - Charlotte 2
TOP OF THE 9TH
Iowa Cubs batting - Pitching for Charlotte Knights : RHP Juan Tomlin
Batting: SHB Danny Guevara 0-0: Swinging Strike
0-1: Foul Ball, location: 7LDF
0-2: Strikes out swinging
Pinch Hitting: LHB Luis Mejia 0-0: DOUBLE (Line Drive, 9LD, EV 103.1 MPH)
Batting: RHB Steve Gramer 0-0: Called Strike
0-1: Foul Ball, location: 9LSF
0-2: Ball
1-2: Foul Ball, location: 23F
1-2: Foul Ball, location: 25FF
1-2: DOUBLE (Line Drive, 78XD, EV 105.6 MPH)
Luis Mejia scores
Pitching: RHP Ted Hasting
Batting: LHB Andy Weber 0-0: SINGLE (Line Drive, 7S, EV 98.8 MPH)
Steve Gramer to third
Batting: LHB Joe Decker 0-0: SINGLE (Groundball, 6MS, EV 76.9 MPH) (infield hit)
Steve Gramer scores
Andy Weber to second
Batting: RHB Chris Herzing 0-0: Grounds into double play, 1-6-3 (Groundball, 13S, EV 70.0 MPH)
Top of the 9th over - 2 runs, 4 hits, 0 errors, 1 left on base; Iowa 4 - Charlotte 2
BOTTOM OF THE 9TH
Charlotte Knights batting - Pitching for Iowa Cubs : RHP Elijah Jeffries
Pitching: RHP Eli Ramos
Now at 2B: Chris Herzing
Now at 3B: Andy Weber
Now in CF: Jimmy Cummins
Batting: RHB Mike Sandoval 0-0: Ground out 4-3 (Groundball, 34, EV 76.9 MPH)
Pinch Hitting: RHB Eric Kinnett 0-0: Ground out 4-3 (Groundball, 4, EV 87.5 MPH)
Batting: LHB Sam Caldwell 0-0: Called Strike
0-1: Foul Ball, location: 2F
0-2: Ball
1-2: Ball
2-2: Strikes out looking
Bottom of the 9th over - 0 runs, 0 hits, 0 errors, 0 left on base; Iowa 4 - Charlotte 2
Friday, March 22nd , 2024 - OOTP Baseball 24.7 Build 72